 Dungeon Crawl Stone Soup version 0.17-a0-2055-gb4e23be (webtiles) character file.

11925 SlimeFever the Cleaver (level 11, -10/92 HPs)
             Began as a Grey Draconian Wanderer on Oct 11, 2015.
             Was a High Priest of Cheibriados.
             Mangled by Nico3ck's ghost (12 damage)
             ... on level 11 of the Dungeon on Oct 12, 2015.
             The game lasted 01:26:08 (9670 turns).

SlimeFever the Cleaver (Grey Draconian Wanderer)    Turns: 9670, Time: 01:26:09

Health: -10/92     AC: 19    Str: 39    XL:     11   Next: 55%
Magic:  0/12       EV: 20    Int: 18    God:    Cheibriados [*****.]
Gold:   816        SH:  0    Dex: 25    Spells: 2 memorised, 7 levels left

rFire  + . .     SeeInvis .     a - +5 war axe "Cuhukegg" {elec, rElec Str+3 Int-3}
rCold  . . .     Clarity  .     (armour unavailable)
rNeg   . . .     SustAt   .     (no shield)
rPois  .         Gourm    .     e - +0 hat
rElec  +         Spirit   .     y - +2 cloak {+Inv}
rCorr  .         Warding  .     C - +2 pair of gloves
rMut   .         Stasis   +     v - +0 pair of boots
MR     .....                    L - amulet of stasis
Stlth  +++.......               o - +3 ring of strength
                                G - ring of protection from fire

@: mighty, drained, very slow, not resistant to hostile enchantments, fairly
stealthy
A: walk through water, unfitting armour, unbreathing, cold-blooded, AC +12
a: Bend Time, Temporal Distortion, Slouch, Step From Time, Renounce Religion,
Evoke Invisibility


You were on level 11 of the Dungeon.
You worshipped Cheibriados.
Cheibriados was extremely pleased with you.
You were very hungry.

You visited 2 branches of the dungeon, and saw 12 of its levels.
You also visited: Sewer.

You collected 816 gold pieces.

Inventory:

Hand Weapons
 a - the +5 war axe "Cuhukegg" (weapon) {elec, rElec Str+3 Int-3}
   (You found it on level 5 of the Dungeon)

   Occasionally, upon striking a foe, it will discharge some electrical energy
   and cause terrible harm.
   It affects your strength (+3).
   It affects your intelligence (-3).
   It insulates you from electricity.
 b - a +2 arbalest of flaming
 u - a +3 spear
 F - a cursed +0 battleaxe
Missiles
 l - a throwing net
 q - 105 bolts
 T - 4 poisoned tomahawks (quivered)
Armour
 e - a +0 hat (worn)
 v - a +0 pair of boots (worn)
 y - a +2 cloak of invisibility (worn)
 C - a +2 pair of gloves (worn)
Jewellery
 f - an uncursed ring of fire
 o - a +3 ring of strength (right hand)
 G - a ring of protection from fire (left hand)
 L - an amulet of stasis (around neck)
Wands
 O - a wand of teleportation (4)
 P - a wand of enslavement (6)
 R - a wand of paralysis (11)
 S - a wand of fireball (3)
Scrolls
 k - 5 scrolls of teleportation
 n - a scroll of identify
 p - 2 scrolls of blinking
 x - 2 scrolls of fog
 I - 3 scrolls of remove curse
 K - a scroll of recharging
 U - 2 scrolls of magic mapping
Potions
 g - 3 potions of brilliance
 h - a potion of cure mutation
 m - 2 potions of flight
 r - 4 potions of heal wounds
 w - 3 potions of magic
 z - 5 potions of curing
 A - a potion of might
 B - a potion of lignification
Books
 M - a book of Hinderance

   Spells                             Type                      Level
   a - Confusing Touch                Hexes                        2
   b - Confuse                        Hexes                        3
   c - Gell's Gravitas                Hexes/Translocation          3
   d - Petrify                        Transmutation/Earth          4
   e - Metabolic Englaciation         Hexes/Ice                    5
 V - a manual of Armour
Comestibles
 d - 6 bread rations
 i - 2 beef jerkies
 j - a slice of pizza
 D - 2 fruits
 N - 2 meat rations


   Skills:
 + Level 7.2(7.1) Fighting
 * Level 10.9(11.5) Axes
 - Level 6.8(9.7) Polearms
 + Level 0.1(0.0) Crossbows
 + Level 3.6 Throwing
 + Level 8.0(7.9) Dodging
 + Level 6.0 Stealth
 + Level 1.0(0.9) Spellcasting
 + Level 0.6 Hexes
   Level 1.5(1.4) Air Magic
   Level 3.0(2.9) Poison Magic
 + Level 2.5 Invocations
 + Level 1.0(0.9) Evocations


You had 7 spell levels left.
You knew the following spells:

 Your Spells              Type           Power        Failure   Level  Hunger
a - Confusing Touch       Hex            #.....       28%         2    ###....
b - Confuse               Hex            #.......     56%         3    ####...


Dungeon Overview and Level Annotations

Branches:
Dungeon (11/15)            Temple (1/1) D:5
   Lair: D:8-11         Orc: D:9-12

Altars:
Ashenzari
Cheibriados
Dithmenos
Elyvilon
Gozag
Kikubaaqudgha
Makhleb
Nemelex Xobeh
Okawaru
Qazlal
Ru
Sif Muna
Trog
Vehumet
Xom
Yredelemnul
Zin
The Shining One

Shops:
D:8 *

Annotations:
D:11 Nico3ck's ghost, journeyman HOBe


Innate Abilities, Weirdness & Mutations

You can walk through water.
Your dull iron-grey scales are very hard (AC +12).
Your body does not fit into most forms of armour.
You can survive without breathing.
You are cold-blooded and may be slowed by cold attacks.


Message History

Nico3ck's ghost is moderately damaged.
Nico3ck's ghost hits you!
You barely miss Nico3ck's ghost.
Nico3ck's ghost is moderately damaged.
Nico3ck's ghost hits you!!
* * * LOW HITPOINT WARNING * * *
You feel much better. Nico3ck's ghost barely misses you.
Nico3ck's ghost stares at you.
Nico3ck's ghost hits you but does no damage.
You feel very mighty all of a sudden. Nico3ck's ghost hits you!!
* * * LOW HITPOINT WARNING * * *
You feel your power leaking away.
You slash Nico3ck's ghost!
There is a sudden explosion of sparks!
Nico3ck's ghost is heavily damaged.
Nico3ck's ghost hits you!!
* * * LOW HITPOINT WARNING * * *
You feel mightier all of a sudden. Nico3ck's ghost hits you!
You die...

## .## .. ..
...#...##..##'##
....+...###'##..#
...##....'..'...#
####+.......#>.#...#
#..@W......##..##..#
#......_...##..##..#
#.....(...###....†.'
#..................#
#.....'............#
####################
#


You could see Nico3ck's ghost.

Vanquished Creatures
  Gastronok (D:10)
  Harold (D:10)
  Erolcha (D:9)
  Nergalle (D:11)
  A hill giant (D:11)
  An orc knight (D:10)
  A manticore (D:11)
  Maurice (D:11)
  3 trolls
  A two-headed ogre (D:9)
  A deep elf mage (D:11)
  A spriggan (D:8)
  A hungry ghost (D:8)
  A mottled dragon (D:11)
  3 hippogriffs
  2 phantoms
  2 ice beasts
  2 water moccasins (D:8)
  2 necrophages
  4 orc warriors
  A wasp (D:7)
  3 sky beasts
  6 ogres
  A black bear (D:8)
  3 centaurs
  8 giant frogs
  2 scorpions (D:9)
  4 killer bees (D:8)
  8 wights
  7 crimson imps
  A giant frog zombie (D:10)
  2 centaur zombies
  2 giant frog skeletons
  2 jellies
  Crazy Yiuf (D:3)
  Ijyb (D:2)
  2 hounds
  6 orc priests
  Jessica (D:3)
  Natasha (thrice) (D:2)
  5 orc wizards
  2 iguanas
  8 worker ants
  3 hound skeletons (D:4)
  A hound zombie (D:5)
  19 adders
  3 river rats (Sewer)
  3 shadow imps
  2 adder skeletons
  An ooze (D:2)
  An adder zombie (D:4)
  5 worms (D:2)
  3 giant geckos
  60 orcs
  11 ball pythons
  8 bats
  6 goblins
  10 hobgoblins
  4 jackals
  7 kobolds
  4 quokkas
  4 giant cockroaches
  A giant gecko skeleton (D:4)
  A giant gecko zombie (D:7)
  11 giant newts
  10 rats
288 creatures vanquished.

Vanquished Creatures (others)
  An orc (D:10)
  A hobgoblin (D:10)
2 creatures vanquished.

Grand Total: 290 creatures vanquished

Notes
Turn   | Place    | Note
--------------------------------------------------------------
     0 | D:1      | SlimeFever the Draconian Wanderer began the quest for the Orb.
     0 | D:1      | SlimeFever set off with: a +2 spear, 11 poisoned needles, a +0 blowgun, a bread ration
     0 | D:1      | Reached XP level 1. HP: 14/14 MP: 1/1
   140 | D:1      | Reached XP level 2. HP: 20/20 MP: 2/2
   596 | D:2      | Found a shimmering altar of Xom.
   627 | D:2      | Reached skill level 4 in Polearms
   704 | D:2      | Reached XP level 3. HP: 19/26 MP: 3/3
   723 | D:2      | Noticed Natasha
   731 | D:2      | Killed Natasha
   899 | D:2      | Reached XP level 4. HP: 21/33 MP: 4/4
  1109 | D:2      | Reached skill level 1 in Stealth
  1144 | D:2      | Reached skill level 1 in Dodging
  1235 | D:2      | Noticed Natasha
  1236 | D:2      | Noticed Ijyb
  1272 | D:2      | Killed Natasha
  1339 | D:2      | Noticed Natasha
  1344 | D:2      | Killed Natasha
  1562 | D:2      | Reached skill level 5 in Polearms
  1568 | D:2      | Reached skill level 1 in Fighting
  1568 | D:2      | Reached XP level 5. HP: 33/40 MP: 5/5
  1712 | D:2      | Killed Ijyb
  2146 | D:3      | Noticed Crazy Yiuf
  2463 | D:3      | Noticed Jessica
  2483 | D:3      | Killed Jessica
  2549 | D:3      | Found a sparkling altar of Nemelex Xobeh.
  3392 | D:3      | Reached XP level 6. HP: 30/48 MP: 6/6
  3399 | D:3      | Killed Crazy Yiuf
  3663 | D:4      | Reached skill level 6 in Polearms
  3673 | D:4      | Reduced skill Air Magic to level 1
  3673 | D:4      | Your scales start taking on a dull iron-grey colour.
  3673 | D:4      | Gained mutation: You can survive without breathing. [Grey Draconian growth]
  3673 | D:4      | Reached XP level 7. HP: 39/56 MP: 7/7
  4404 | D:5      | Entered Level 5 of the Dungeon
  4426 | D:5      | Found a staircase to the Ecumenical Temple.
  4537 | D:5      | Got an ancient war axe
  4606 | D:5      | Found a glowing drain.
  4618 | Sewer    | Entered a sewer
  4651 | Sewer    | Identified the +5 war axe "Cuhukegg" {elec, rElec Str+3 Int-3} (You found it on level 5 of the Dungeon)
  4775 | Sewer    | Reached skill level 1 in Axes
  5011 | D:5      | Found a radiant altar of Vehumet.
  5145 | Temple   | Entered the Ecumenical Temple
  5255 | Temple   | Became a worshipper of Cheibriados the Contemplative
  5510 | D:6      | Reached XP level 8. HP: 56/63 MP: 8/8
  6094 | D:7      | Found a shadowy altar of Dithmenos.
  6095 | D:7      | Found a deep blue altar of Sif Muna.
  6212 | D:7      | Acquired Cheibriados's first power
  6263 | D:7      | Paralysed by a wasp for 1 turns
  6332 | D:7      | Reached skill level 5 in Dodging
  6373 | D:7      | Reached skill level 5 in Axes
  6412 | D:7      | Reached XP level 9. HP: 55/72 MP: 9/9
  6584 | D:8      | Found Wiummoif's Serpentskin Sales.
  6592 | D:8      | Reached skill level 5 in Fighting
  7097 | D:8      | Reached skill level 7 in Axes
  7338 | D:8      | Learned a level 2 spell: Confusing Touch
  7342 | D:8      | Learned a level 3 spell: Confuse
  7522 | D:9      | Reached XP level 10. HP: 50/83 MP: 3/10
  7579 | D:9      | Found a sacrificial altar of Ru.
  7650 | D:9      | Found Pont's Assorted Antiques.
  7661 | D:9      | Acquired Cheibriados's second power
  7740 | D:9      | Reached skill level 8 in Axes
  7784 | D:9      | Noticed Erolcha
  7794 | D:9      | Killed Erolcha
  7794 | D:9      | Reached skill level 5 in Stealth
  8061 | D:10     | Entered Level 10 of the Dungeon
  8618 | D:10     | Reached skill level 9 in Axes
  8628 | D:10     | Noticed Gastronok
  8644 | D:10     | Killed Gastronok
  8644 | D:10     | Reached XP level 11. HP: 52/91 MP: 11/11
  8691 | D:10     | Acquired Cheibriados's third power
  8918 | D:10     | Noticed Harold
  8952 | D:10     | Killed Harold
  8952 | D:10     | Reached skill level 1 in Invocations
  8973 | D:10     | Reached skill level 10 in Axes
  8981 | D:10     | Noticed an orc knight
  8992 | D:10     | Killed an orc knight
  9143 | D:11     | Noticed a hill giant
  9147 | D:11     | Noticed Maurice
  9151 | D:11     | Killed a hill giant
  9179 | D:11     | Killed Maurice
  9208 | D:11     | Reached skill level 1 in Spellcasting
  9209 | D:11     | Acquired Cheibriados's fourth power
  9360 | D:11     | Noticed Nergalle
  9389 | D:11     | Killed Nergalle
  9527 | D:11     | Found a shattered altar of Ashenzari.
  9655 | D:11     | Noticed Nico3ck's ghost (journeyman HOBe)
  9669 | D:11     | HP: 2/92 [Nico3ck's ghost (20)]
  9670 | D:11     | Mangled by Nico3ck's ghost

Vault maps used:
D:1:      dpeg_arrival_rhombus
D:2:      lemuel_doored_altar, minmay_ruptured, uniq_natasha, uniq_iyjb
D:3:      nemelex_deck, first_bread, uniq_crazy_yiuf_cottage, uniq_jessica
D:5:      old_standard_altar, minmay_temple_entry_grid, gup_sewer_entry_bubbles,
          kennysheep_small_circle
D:6:      fedhas_altar_decomposition, uniq_sigmund
D:7:      grunt_temple_overflow_open
D:8:      the_bakery, minmay_misc_feat_nine_boxes, guppyfry_shop_venom
D:9:      nicolae_ru_sacrificial_ziggurat, serial_shops, shop_fountains,
          patterned_corridor, uniq_erolcha
D:10:     cheibrodos_orc_bank, uniq_harold, uniq_gastronok
D:11:     lair_0_dummy, hiddenorc2_lemuel, basic_altar, special_room,
          uniq_nergalle, uniq_maurice
Temple:   circular_temple_12
Sewer:    sewer_co_cracked_pipes

Action                   |  1- 3 |  4- 6 |  7- 9 | 10-12 || total
-------------------------+-------+-------+-------+-------++-------
Melee: Spear             |    81 |   237 |   184 |       ||   502
       War axe           |       |       |   232 |   196 ||   428
 Fire: Blowgun           |       |     1 |    19 |    17 ||    37
       Arbalest          |       |       |       |     7 ||     7
Throw: Tomahawk          |       |       |     8 |     8 ||    16
 Cast: Confusing Touch   |       |       |       |     1 ||     1
Invok: Bend Time         |       |       |     2 |     5 ||     7
       Temporal Distorti |       |       |       |     1 ||     1
  Use: Scroll            |     2 |     5 |     8 |     5 ||    20
       Potion            |       |     2 |       |     5 ||     7
 Stab: Sleeping          |     4 |     1 |    12 |     8 ||    25
       Distracted        |       |       |     1 |     1 ||     2
  Eat: Meat ration       |       |     2 |     2 |       ||     4
       Bread ration      |       |       |     1 |       ||     1
       Royal jelly       |       |       |       |     1 ||     1
